[Event "Late-Titled-Tuesday-Blitz-February-27-2024"]
[Site "Chess.com"]
[Date "2024.02.27"]
[Round "10"]
[White "Statham_01"]
[Black "giomar27"]
[Result "1-0"]
[WhiteElo "2544"]
[BlackElo "2399"]
[TimeControl "180+1"]
[EndTime "15:51:40 PST"]
[Termination "Statham_01 won by resignation"]

1. Na3 d5 2. d4 c5 3. e3 Nc6 4. c4 cxd4 5. exd4 dxc4 6. d5 Ne5 7. Nxc4 Nxc4 8. Bxc4 Nf6 9. Nf3 g6 10. O-O Bg7 11.
Bf4 O-O 12. Rc1 a6 13. a4 Bg4 14. h3 Bf5 15. Re1 Rc8 16. d6 exd6 17. Bxd6 Re8 18. Bxf7+ Kxf7 19. Ng5+ Kg8 20. Qb3+ Be6 21. Rxe6 1-0

[Event "Late-Titled-Tuesday-Blitz-February-27-2024"]
[Site "Chess.com"]
[Date "2024.02.27"]
[Round "10"]
[White "Joachim100x"]
[Black "NMJeevanK"]
[Result "0-1"]
[WhiteElo "2473"]
[BlackElo "2612"]
[TimeControl "180+1"]
[EndTime "15:52:07 PST"]
[Termination "NMJeevanK won by resignation"]

1. e4 a6 2. d4 g6 3. Bd3 Bg7 4. Nf3 d6 5. Qe2 b5 6. e5 e6 7. Bg5 Ne7 8. h4 h6 9. Bc1 Bb7 10. h5 g5 11. Nc3 Nbc6 12. d5 Nxe5 13. Nxe5 Bxe5 14. dxe6 fxe6 15. Bg6+ Nxg6 16. hxg6 Qf6 17. Qh5 Bxc3+ 18. bxc3 Qxc3+ 19. Kf1 Qxa1 20. g7+ Ke7 21. Ke2 Qxg7 0-1

[Event "Late-Titled-Tuesday-Blitz-February-27-2024"]
[Site "Chess.com"]
[Date "2024.02.27"]
[Round "10"]
[White "Nouali_Mohamed"]
[Black "Sjakkerntobi"]
[Result "1-0"]
[WhiteElo "2534"]
[BlackElo "2460"]
[TimeControl "180+1"]
[EndTime "15:52:11 PST"]
[Termination "Nouali_Mohamed won by resignation"]

1. e4 e6 2. d4 d6 3. Nc3 g6 4. Nf3 Bg7 5. h4 h6 6. Be3 Ne7 7. Qd2 b6 8. O-O-O Bb7 9. g4 Nd7 10.
g5 h5 11. Bh3 a6 12. d5 e5 13. Ng1 Nc5 14. b4 Nd7 15. Nge2 O-O 16. a3 b5 17.
Bxd7 Qxd7 18. Ng3 a5 19. Kb2 Nc8 20. Rhg1 Nb6 21. Bxb6 cxb6 22. Qe2 Rfc8 23. Qxb5 Ba6 24. Qxd7 1-0

[Event "Late-Titled-Tuesday-Blitz-February-27-2024"]
[Site "Chess.com"]
[Date "2024.02.27"]
[Round "10"]
[White "TanitoluwaAps116"]
[Black "AlexTruskavetsky"]
[Result "1-0"]
[WhiteElo "2900"]
[BlackElo "2698"]
[TimeControl "180+1"]
[EndTime "15:52:19 PST"]
[Termination "TanitoluwaAps116 won by resignation"]

1. e4 c5 2. Nf3 Nc6 3. Bb5 g6 4.
Bxc6 dxc6 5. d3 Bg7 6. h3 e5 7.
Be3 b6 8. Nbd2 Qc7 9. O-O Nf6 10. a3 O-O 11. b4 cxb4 12. axb4 h6 13. Nc4 Nd7 14.
Qd2 Kh7 15. d4 exd4 16. Bxd4 f6 17. Rfd1 Ne5 18. Nfxe5 fxe5 19. Bxb6 Qf7 20. Nd6 Qf6 21. Nxc8 Raxc8 22. Rxa7 Rb8 23. Bc5 Rfd8 24. Rd7 Rxd7 25. Qxd7 Qf4 26. Qxc6 h5 27. Rd7 Qc1+ 28. Kh2 Kh6 29.
Be3+ Qxe3 30. fxe3 Bf6 31. Qxf6 1-0

[Event "Late-Titled-Tuesday-Blitz-February-27-2024"]
[Site "Chess.com"]
[Date "2024.02.27"]
[Round "10"]
[White "PNEPaul"]
[Black "PapaieDudu"]
[Result "0-1"]
[WhiteElo "2059"]
[BlackElo "2368"]
[TimeControl "180+1"]
[EndTime "15:52:29 PST"]
[Termination "PapaieDudu won by resignation"]

1. e4 c5 2. d4 cxd4 3. c3 dxc3 4. Nxc3 Nc6 5. Nf3 d6 6. Bc4 Nf6 7. e5 dxe5 8. Qxd8+ Nxd8 9. Nb5 Rb8 10. Nxe5 Ne6 11. Bxe6 Bxe6 12. Nc7+ Kd8 13. Nxe6+ fxe6 14. Nf7+ Ke8 15.
Nxh8 g6 16. Bf4 Rd8 17. O-O Bg7 18. Nxg6 hxg6 19. Rfd1 Nd5 20. Bg3 Rc8 21. Rab1 Rc2 22.
a3 Bxb2 23. h3 b6 24. Re1 Kf7 25. Be5 Bxa3 26. Ra1 Bc5 27. Rf1 Re2 28. Bb8 a5 29. Ba7 Nc3 30. Bb8 Ne4 31. Rae1 Rxe1 32. Rxe1 Bxf2+ 0-1

[Event "Late-Titled-Tuesday-Blitz-February-27-2024"]
[Site "Chess.com"]
[Date "2024.02.27"]
[Round "10"]
[White "rikchessmx"]
[Black "pooh2012"]
[Result "0-1"]
[WhiteElo "2271"]
[BlackElo "2495"]
[TimeControl "180+1"]
[EndTime "15:53:05 PST"]
[Termination "pooh2012 won by resignation"]

1. e4 c6 2. d4 d5 3. Nc3 dxe4 4. Nxe4 Nd7 5. Bc4 e6 6. Nf3 Ngf6 7. Neg5 Nb6 8. Bb3 h6 9. Nh3 g5 10. Ne5 Bg7 11. c3 Nbd7 12. Nc4 O-O 13. f4 gxf4 14. Bxf4 Nd5 15. Bg3 c5 16. Qg4 cxd4 17. cxd4 N7f6 18. Qe2 b5 19. Nd6 Qa5+ 20. Kf1 Ba6 21. Kg1 Qb6 22.
Be5 Rad8 23. Ne4 Nxe4 24. Qe3 Nxe3 0-1

[Event "Late-Titled-Tuesday-Blitz-February-27-2024"]
[Site "Chess.com"]
[Date "2024.02.27"]
[Round "10"]
[White "el008"]
[Black "Inepton_Fermion"]
[Result "1-0"]
[WhiteElo "2519"]
[BlackElo "2450"]
[TimeControl "180+1"]
[EndTime "15:53:09 PST"]
[Termination "el008 won by checkmate"]

1. Nf3 d5 2. b3 c6 3. e3 Nf6 4.
Bb2 Bf5 5. Be2 h6 6. O-O e6 7. c4 Be7 8. d3 O-O 9. Nc3 a5 10. a3 Na6 11. Re1 Re8 12. Bf1 Bh7 13. d4 c5 14.
cxd5 Nxd5 15. Nxd5 Qxd5 16. Bc4 Qh5 17. d5 exd5 18. Qxd5 Qxd5 19. Bxd5 Ra7 20. Ne5 Bf6 21. Bxf7+ Kf8 22. Bxe8 Kxe8 23. Nc4 Bxb2 24. Nxb2 Bc2 25. Nc4 Nc7 26. Nd2 b6 27. Rac1 Bd3 28. Nc4 b5 29. Ne5 Be4 30. Rxc5 Nd5 31. Rc8+ Ke7 32. Nc6+ Kd7 33. Nxa7 b4 34. axb4 axb4 35. Rd1 Ke6 36. Re8+ Ne7 37. Nc8 Kf5 38. Rxe7 Bc2 39. Nd6+ Kf6 40.
Rd2 Bxb3 41. Re4 Ba4 42. Rf4+ Ke5 43. Rxb4 Bd7 44. Nc4+ Kf6 45. Rxd7 Kg5 46. Rd6 g6 47. Rb5+ Kh4 48. Rxg6 h5 49. g3+ Kh3 50. Rxh5# 1-0

[Event "Late-Titled-Tuesday-Blitz-February-27-2024"]
[Site "Chess.com"]
[Date "2024.02.27"]
[Round "10"]
[White "Sanan_Sjugirov"]
[Black "chessdjw"]
[Result "1-0"]
[WhiteElo "2976"]
[BlackElo "2775"]
[TimeControl "180+1"]
[EndTime "15:53:25 PST"]
[Termination "Sanan_Sjugirov won by resignation"]

1. e4 e5 2. Nf3 Nc6 3. Bb5 a6 4. Ba4 Nf6 5. O-O Be7 6. Re1 b5 7. Bb3 O-O 8. d3 d6 9. c3 Na5 10. Bc2 c5 11. Nbd2 Nc6 12. Nf1 h6 13. Ng3 Re8 14.
h3 Bf8 15. d4 cxd4 16. cxd4 exd4 17. Nxd4 Nxd4 18. Qxd4 g6 19. Bf4 Bb7 20. Rad1 Rc8 21. Bb3 Bg7 22. Qxd6 Qxd6 23. Rxd6 Nxe4 24. Rd7 Nxg3 25.
Bxf7+ Kh7 26. Bxe8 Nh5 27. Rxb7 Nxf4 28. Ree7 Nh5 29. g4 Rc1+ 30. Kh2 1-0

[Event "Late-Titled-Tuesday-Blitz-February-27-2024"]
[Site "Chess.com"]
[Date "2024.02.27"]
[Round "10"]
[White "Aleksandar-Topalov"]
[Black "DryCounty"]
[Result "0-1"]
[WhiteElo "2364"]
[BlackElo "2640"]
[TimeControl "180+1"]
[EndTime "15:53:25 PST"]
[Termination "DryCounty won by resignation"]

1. b3 Nf6 2. Bb2 g6 3. Bxf6 exf6 4. c4 f5 5. Nc3 Bg7 6. e3 O-O 7. Nge2 a6 8. g3 b5 9. Bg2 Ra7 10. cxb5 axb5 11. Nxb5 Ra5 12. Nbc3 d5 13. d4 c6 14. O-O Qe7 15. Na4 Nd7 16. Rc1 Qd6 17. Nf4 Ba6 18. Re1 Bb5 19. Nc3 Ba6 20. Qd2 Ra8 21. Ncxd5 Rxd5 22. Nxd5 cxd5 23. a4 Nf6 24. b4 Ne4 25. Qb2 Bc4 26. Ra1 Bf8 27. Reb1 Bd3 28. Rd1 Bc4 29. Rdb1 Qb6 30. b5 Qa5 31. b6 Rb8 32. f3 Nc3 0-1

[Event "Late-Titled-Tuesday-Blitz-February-27-2024"]
[Site "Chess.com"]
[Date "2024.02.27"]
[Round "10"]
[White "MiguelEduardoGB"]
[Black "rhwr"]
[Result "0-1"]
[WhiteElo "2161"]
[BlackElo "2332"]
[TimeControl "180+1"]
[EndTime "15:53:25 PST"]
[Termination "rhwr won by resignation"]

1. e4 c5 2. Nc3 Nc6 3. Bc4 e6 4. a3 d6 5. d3 Nf6 6. Ba2 Be7 7. f4 O-O 8. Nf3 a6 9. O-O b5 10. Qe1 Nd4 11. Nxd4 cxd4 12. Ne2 e5 13. f5 Bb7 14. Rf3 d5 15. Rh3 dxe4 16. dxe4 Bxe4 17. Qh4 Bxf5 18.
Rf3 Bg6 19. Bg5 e4 20. Rg3 d3 21. Nf4 dxc2 22. Nxg6 hxg6 23. Be3 Qd1+ 24. Kf2 Qxa1 25. Rh3 Nh5 26. Qxe7 Qxa2 0-1

[Event "Late-Titled-Tuesday-Blitz-February-27-2024"]
[Site "Chess.com"]
[Date "2024.02.27"]
[Round "10"]
[White "sotochess"]
[Black "Cambek64"]
[Result "1-0"]
[WhiteElo "2656"]
[BlackElo "2491"]
[TimeControl "180+1"]
[EndTime "15:53:36 PST"]
[Termination "sotochess won by checkmate"]

1. e4 e6 2. Qe2 c5 3. Nf3 Nc6 4. g3 d6 5. Bg2 g6 6. O-O Bg7 7. c3 Nge7 8. Rd1 O-O 9. d4 cxd4 10.
cxd4 d5 11. Nc3 b6 12. exd5 Nxd5 13. Bg5 Qc7 14. Rac1 Bb7 15. Nxd5 exd5 16. Bf4 Qd8 17. Qd2 Rc8 18. Bh3 f5 19. Bf1 Kh8 20. Bb5 a6 21. Bxc6 Bxc6 22. Be5 Qe7 23. Re1 Qd7 24. Qb4 b5 25.
Rc3 Bb7 26. Rc7 Rxc7 27. Qxf8# 1-0

[Event "Late-Titled-Tuesday-Blitz-February-27-2024"]
[Site "Chess.com"]
[Date "2024.02.27"]
[Round "10"]
[White "WPWPWP-2015"]
[Black "Kgutierrez95"]
[Result "1-0"]
[WhiteElo "2449"]
[BlackElo "2228"]
[TimeControl "180+1"]
[EndTime "15:53:41 PST"]
[Termination "WPWPWP-2015 won by resignation"]

1. e4 c6 2. d4 d5 3. Nc3 dxe4 4. Nxe4 Bf5 5. Ng3 Bg6 6. h4 h6 7. Nf3 Nd7 8. h5 Bh7 9. Bd3 Bxd3 10. Qxd3 e6 11.
Bd2 Ngf6 12. O-O-O Be7 13. Kb1 O-O 14. Ne4 Nxe4 15.
Qxe4 Nf6 16. Qe2 Qd5 17. g4 Qe4 18. Qxe4 Nxe4 19. Be3 f5 20. gxf5 exf5 21. Rdf1 f4 22. Bc1 Bd6 23. c3 Rae8 24. Kc2 Rf5 25. Rh2 Nf6 26.
Rfh1 Ng4 27. Rg2 Re2+ 28. Kd3 Rxf2 29. Rxg4 Rxf3+ 30. Ke4 Rxh5 31. Rxh5 Rf1 32. Bxf4 Bxf4 33. Rxf4 1-0

[Event "Late-Titled-Tuesday-Blitz-February-27-2024"]
[Site "Chess.com"]
[Date "2024.02.27"]
[Round "10"]
[White "lucasmito"]
[Black "Brahianzevich"]
[Result "1-0"]
[WhiteElo "2810"]
[BlackElo "2504"]
[TimeControl "180+1"]
[EndTime "15:53:57 PST"]
[Termination "lucasmito won by resignation"]

1. e4 c5 2. Nf3 d6 3. Nc3 Nf6 4. d4 cxd4 5. Nxd4 a6 6. Be3 Ng4 7. Bc1 Nf6 8. f3 e5 9. Nb3 Be6 10. Be3 Be7 11. Qd2 O-O 12. O-O-O Nbd7 13. Kb1 b5 14. Nd5 Bxd5 15. exd5 Nb6 16. Bxb6 Qxb6 17. Na5 Rfc8 18. Bd3 Bf8 19. Be4 b4 20. Nc6 a5 21.
g4 a4 22. g5 Nxe4 23. fxe4 b3 24. cxb3 axb3 25. a3 Ra4 26. Rhe1 Rxc6 27. dxc6 Qxc6 28. Rc1 Qa6 29. Qd5 Ra5 30. Qc4 Qb6 31. Rf1 Ra7 32. Rc3 Rb7 33. Rcf3 Rc7 34. Rxf7 1-0

[Event "Late-Titled-Tuesday-Blitz-February-27-2024"]
[Site "Chess.com"]
[Date "2024.02.27"]
[Round "10"]
[White "Viktor_Poddubnyi"]
[Black "Eloist"]
[Result "0-1"]
[WhiteElo "2257"]
[BlackElo "2436"]
[TimeControl "180+1"]
[EndTime "15:53:59 PST"]
[Termination "Eloist won by resignation"]

1. e4 e6 2. d4 d5 3. Nd2 Nf6 4.
e5 Nfd7 5. Bd3 c5 6. c3 b6 7. Ne2 Ba6 8. Bxa6 Nxa6 9. Nf3 Nc7 10. a3 c4 11. O-O Be7 12. Nf4 b5 13. g3 Nb6 14. h4 a5 15. Kg2 Kd7 16. Ng5 Qg8 17.
Qf3 h6 18. Ngh3 g5 19. hxg5 hxg5 20. Be3 g4 21. Qe2 gxh3+ 22. Nxh3 Qh7 23. Rh1 Rag8 24. Nf4 Qf5 25. Rxh8 Rxh8 26. Rh1 Rxh1 27. Kxh1 Bg5 28. Nh5 Bxe3 29. Nf6+ Kc6 30. fxe3 Qh3+ 31. Qh2 Qf1+ 32. Qg1 Qxg1+ 33. Kxg1 Na4 0-1

[Event "Late-Titled-Tuesday-Blitz-February-27-2024"]
[Site "Chess.com"]
[Date "2024.02.27"]
[Round "10"]
[White "toninhojit"]
[Black "Malev212"]
[Result "0-1"]
[WhiteElo "2472"]
[BlackElo "2645"]
[TimeControl "180+1"]
[EndTime "15:54:02 PST"]
[Termination "Malev212 won by resignation"]

1. d4 g6 2. e4 Bg7 3. Nc3 c5 4. d5 d6 5. f4 Nf6 6. Bb5+ Nfd7 7. a4 O-O 8. Nf3 Na6 9. O-O Nc7 10.
Bd3 a6 11. f5 Rb8 12. a5 b5 13. axb6 Nxb6 14. Qe1 c4 15. Be2 gxf5 16. Qh4 e5 17. Qh5 f4 18. g3 f5 19. gxf4 fxe4 20. Ng5 Bf5 21. Bg4 Bg6 22. Qh3 exf4 23. Bxf4 Rxf4 24. Be6+ Nxe6 25. Qxe6+ Kh8 26. Nf7+ Bxf7 0-1

[Event "Late-Titled-Tuesday-Blitz-February-27-2024"]
[Site "Chess.com"]
[Date "2024.02.27"]
[Round "10"]
[White "GHANDEEVAM2003"]
[Black "Fandorine"]
[Result "1-0"]
[WhiteElo "3064"]
[BlackElo "2925"]
[TimeControl "180+1"]
[EndTime "15:54:17 PST"]
[Termination "GHANDEEVAM2003 won by resignation"]

1. c4 Nf6 2. Nc3 g6 3. e4 d6 4. d4 Bg7 5. Be2 O-O 6. Bg5 c5 7. d5 e6 8. Nf3 exd5 9. cxd5 Bg4 10. Nd2 Bxe2 11. Qxe2 Re8 12. O-O Na6 13. f4 Qd7 14. Rad1 Nxe4 15. Ncxe4 f5 16. Qf3 fxe4 17. Nxe4 Rf8 18.
b3 Rae8 19. Rfe1 Nb4 20. Re2 h6 21. Bh4 g5 22. Bg3 g4 23. Qf2 Nxa2 24. f5 Rxf5 25. Qe1 Rxe4 26. Rxe4 Nc3 27. Re7 1-0

[Event "Late-Titled-Tuesday-Blitz-February-27-2024"]
[Site "Chess.com"]
[Date "2024.02.27"]
[Round "10"]
[White "Adar_07"]
[Black "vugarrasulov"]
[Result "1-0"]
[WhiteElo "2817"]
[BlackElo "2981"]
[TimeControl "180+1"]
[EndTime "15:54:18 PST"]
[Termination "Adar_07 won by checkmate"]

1. e4 e5 2. Nf3 Qe7 3. Nc3 c6 4. Bc4 d6 5. d4 h6 6. Be3 Nf6 7. dxe5 dxe5 8. h3 Qc7 9. Qd3 Nbd7 10. O-O-O Be7 11. Nh4 g6 12. Rhf1 b5 13. Bb3 a5 14.
a4 b4 15. Qc4 Rf8 16. Nb5 Qb7 17. Nd6+ Bxd6 18. Rxd6 Qa6 19. Qxa6 Bxa6 20. Rfd1 Bb7 21. Bxh6 Rh8 22. Bg5 Nxe4 23. Bxf7+ Kxf7 24. Rxd7+ Ke6 25. Re7# 1-0

[Event "Late-Titled-Tuesday-Blitz-February-27-2024"]
[Site "Chess.com"]
[Date "2024.02.27"]
[Round "10"]
[White "Tugrik1969"]
[Black "secretsuperstar7"]
[Result "0-1"]
[WhiteElo "2385"]
[BlackElo "2514"]
[TimeControl "180+1"]
[EndTime "15:54:26 PST"]
[Termination "secretsuperstar7 won on time"]

1. d4 Nf6 2. c4 e6 3. Nf3 c5 4. d5 exd5 5. cxd5 d6 6. Nc3 Be7 7. h3 O-O 8. e4 a6 9. a4 Nbd7 10. Bd3 Qc7 11. O-O c4 12. Bc2 Nc5 13. Re1 Rb8 14. Bf4 b5 15. axb5 axb5 16. e5 Ne8 17. Ne4 b4 18. exd6 Bxd6 19. Nxd6 Nxd6 20. Bxh7+ Kxh7 21. Ng5+ Kg8 22. Qf3 Nd3 23. Re3 Nxf4 24.
Qxf4 Bf5 25. Rae1 Bg6 26. Re7 Qc5 27. Qe5 Nf5 28. Rc7 Qb6 29. Rc6 Qd4 0-1

[Event "Late-Titled-Tuesday-Blitz-February-27-2024"]
[Site "Chess.com"]
[Date "2024.02.27"]
[Round "10"]
[White "mac0504"]
[Black "Sargsyan_Shant"]
[Result "0-1"]
[WhiteElo "2713"]
[BlackElo "2919"]
[TimeControl "180+1"]
[EndTime "15:54:28 PST"]
[Termination "Sargsyan_Shant won by resignation"]

1. c4 c6 2. b3 d5 3. Bb2 Nf6 4. e3 Bg4 5. Be2 Bxe2 6. Nxe2 Nbd7 7. O-O e6 8. d3 Bd6 9. Nd2 O-O 10. h3 a5 11. a3 Re8 12. e4 dxe4 13. Nxe4 Bc7 14. Qc2 e5 15. Rad1 Qe7 16. N2g3 Nxe4 17. dxe4 g6 18. Rd2 Nc5 19. Bc3 Ne6 20. b4 axb4 21. axb4 h5 22. Rfd1 Qg5 23. Rd7 Rad8 24. Rxd8 Rxd8 25.
Rxd8+ Qxd8 26. Qd2 Qe7 27. c5 h4 28. Ne2 Ng5 29.
Qd3 b6 30. cxb6 Bxb6 31. Qa6 Qd8 32. Bxe5 Nxe4 33. Nf4 Bxf2+ 34. Kh2 Bg3+ 35. Kg1 Qd1+ 36. Qf1 Bf2+ 0-1

[Event "Late-Titled-Tuesday-Blitz-February-27-2024"]
[Site "Chess.com"]
[Date "2024.02.27"]
[Round "10"]
[White "ZachHKL"]
[Black "jactorres"]
[Result "1-0"]
[WhiteElo "2132"]
[BlackElo "2293"]
[TimeControl "180+1"]
[EndTime "15:54:29 PST"]
[Termination "ZachHKL won by checkmate"]

1. c4 c5 2. g3 Nf6 3. Bg2 d5 4. cxd5 Nxd5 5. Nc3 Nc7 6. Nf3 Nc6 7. O-O g6 8. d3 Bg7 9. Be3 Ne6 10. Rc1 O-O 11. Qd2 Rb8 12. Ne4 b6 13. Rfd1 Bb7 14. a3 Ned4 15.
Bxd4 Nxd4 16. Nxd4 Qxd4 17. Nc3 Bxg2 18. Kxg2 Rfd8 19. Rc2 a6 20. Qe3 Qxe3 21. fxe3 c4 22. dxc4 Bxc3 23. Rxd8+ Rxd8 24. Rxc3 Rd2 25. Rb3 Rxe2+ 26.
Kf3 Rxh2 27. Rxb6 Rc2 28. b3 Rc3 29. Ke2 Rc2+ 30. Kd3 Rg2 31. c5 Rxg3 32. c6 Rg5 33.
b4 Rd5+ 34. Kc4 Rd1 35. Rxa6 Rc1+ 36. Kb5 Kg7 37. Ra7 h5 38. Rxe7 h4 39. Re4 h3 40.
Rh4 g5 41. Rxh3 Kf6 42. Kb6 Ke6 43. e4 Kd6 44. c7 Rxc7 45. Rd3+ Ke5 46. Kxc7 Kxe4 47.
Rd1 f5 48. b5 g4 49. b6 g3 50. b7 Kf3 51. b8=Q Kf2 52. Qb2+ Kf3 53. Rf1+ Kg4 54. Qe2+ Kh3 55. Rh1# 1-0

[Event "Late-Titled-Tuesday-Blitz-February-27-2024"]
[Site "Chess.com"]
[Date "2024.02.27"]
[Round "10"]
[White "js20000"]
[Black "DefiantChair"]
[Result "1-0"]
[WhiteElo "2849"]
[BlackElo "2662"]
[TimeControl "180+1"]
[EndTime "15:54:38 PST"]
[Termination "js20000 won by resignation"]

1. Nf3 d5 2. g3 Nf6 3. Bg2 e6 4.
c4 dxc4 5. Qa4+ Nbd7 6. Qxc4 a6 7. Qc2 c5 8. d4 Qc7 9. O-O b6 10.
Bf4 Bd6 11. Bxd6 Qxd6 12. dxc5 Qxc5 13. Qxc5 Nxc5 14. Ne5 Bb7 15. Bxb7 Nxb7 16. Nc3 O-O 17.
Rfd1 Rfc8 18. Na4 Rc2 19. Nxb6 Re8 20. Nec4 Rxe2 21. Kf1 Rc2 22. Rac1 Rxc1 23. Rxc1 Rd8 24. Ke2 h5 25. Ne5 Nd5 26. Nxd5 exd5 27. Kd3 Nd6 28.
Rc6 Nf5 29. Rxa6 f6 30. Nc6 Re8 31. a4 Nd6 32. Ne7+ Kf7 33. Rxd6 Kxe7 34. Rxd5 Rb8 35. Rb5 Ra8 36. a5 h4 37. b4 Kd6 38. gxh4 Rh8 39. h5 g5 40. hxg6 Rxh2 41. Rg5 Rh8 42. g7 Rg8 43. Rg3 Ke6 44. a6 Kf7 1-0

[Event "Late-Titled-Tuesday-Blitz-February-27-2024"]
[Site "Chess.com"]
[Date "2024.02.27"]
[Round "10"]
[White "Pelusiansky"]
[Black "Boninknights"]
[Result "1/2-1/2"]
[WhiteElo "2525"]
[BlackElo "2403"]
[TimeControl "180+1"]
[EndTime "15:54:44 PST"]
[Termination "Game drawn by repetition"]

1. d4 d5 2. c4 c6 3. Nc3 Nf6 4. Nf3 a6 5. c5 Nbd7 6. Bf4 Nh5 7. e3 Nxf4 8. exf4 e6 9. Bd3 a5 10. O-O b6 11. cxb6 Qxb6 12. Rc1 g6 13. Na4 Qc7 14. Ne5 Nxe5 15. fxe5 Bh6 16. Rc3 Ba6 17. Nc5 Bxd3 18. Qxd3 O-O 19. f4 Rfb8 20. b3 Bf8 21.
Rfc1 Bxc5 22. Rxc5 Rb6 23. Qc3 Raa6 24. g4 a4 25. b4 a3 26. b5 Ra4 27. Rxc6 Rxc6 28.
Qxc6 Qa5 29. f5 Qd2 30. fxe6 Qe3+ 31. Kg2 Qe2+ 32. Kg3 Qe3+ 33. Kh4 Qh6+ 34. Kg3 Qe3+ 35. Kg2 Qe2+ 36. Kh1 Qf3+ 37. Kg1 Qe3+ 38. Kf1 Qf3+ 39. Kg1 Qe3+ 1/2-1/2

[Event "Late-Titled-Tuesday-Blitz-February-27-2024"]
[Site "Chess.com"]
[Date "2024.02.27"]
[Round "10"]
[White "lamomiajunior"]
[Black "Maikrosoft63"]
[Result "1-0"]
[WhiteElo "2738"]
[BlackElo "2616"]
[TimeControl "180+1"]
[EndTime "15:54:49 PST"]
[Termination "lamomiajunior won by resignation"]

1. d4 Nf6 2. Nc3 d5 3. Bf4 a6 4.
e3 e6 5. g4 c5 6. g5 Nfd7 7.
Nf3 Nc6 8. Bg2 b5 9. e4 Nb6 10. dxc5 Bxc5 11. Qe2 O-O 12. h4 b4 13. Nb1 dxe4 14.
Qxe4 Bb7 15. Nbd2 Na5 16. Qe2 Bd5 17. h5 Nac4 18. h6 Nxd2 19. Qxd2 Nc4 20. Qe2 g6 21. b3 Nd6 22. O-O Nf5 23. Rad1 Qb6 24. Be5 Rad8 25. Bf6 Rd7 26. Ne5 Rd6 27. Bxd5 exd5 28. Ng4 Re6 29.
Qf3 Bd4 30. Bxd4 Nxd4 31. Nf6+ Kh8 32. Qxd5 Ne2+ 33. Kh2 Rxf6 34. Qe5 Nf4 35. Qxf6+ Qxf6 36. gxf6 Re8 37. Rd6 Nh5 38. Rfd1 Kg8 39. Rxa6 Kf8 40.
Rd7 Rc8 41. Raa7 Ke8 42. Re7+ 1-0

[Event "Late-Titled-Tuesday-Blitz-February-27-2024"]
[Site "Chess.com"]
[Date "2024.02.27"]
[Round "10"]
[White "jefferyx"]
[Black "sergiochess83"]
[Result "1-0"]
[WhiteElo "3077"]
[BlackElo "2893"]
[TimeControl "180+1"]
[EndTime "15:54:53 PST"]
[Termination "jefferyx won by resignation"]

1. e4 e6 2. d4 d5 3. Nc3 Nf6 4. Bg5 h6 5. Bxf6 Qxf6 6. exd5 Bb4 7. Bb5+ Bd7 8. Bxd7+ Nxd7 9. dxe6 Qxe6+ 10. Qe2 Bxc3+ 11.
bxc3 Qxe2+ 12. Nxe2 O-O-O 13. O-O-O Nb6 14. Rhe1 Rd5 15.
Kd2 Nc4+ 16. Kd3 Nb2+ 17. Ke4 Nxd1 18. Kxd5 Re8 19. Rxd1 Rxe2 20. Rd3 Rxf2 21. Rf3 Rxf3 22. gxf3 Kd7 23. c4 f6 24. c5 c6+ 25. Ke4 Ke6 26.
c4 f5+ 27. Kf4 g5+ 28. Kg3 b6 29. cxb6 axb6 30. a4 Kd7 31. f4 Ke6 32. h3 Kd6 33.
fxg5 hxg5 34. h4 f4+ 35. Kg4 gxh4 36. Kxh4 c5 37. d5 Ke5 38. Kh3 Kd4 39. d6 1-0

[Event "Late-Titled-Tuesday-Blitz-February-27-2024"]
[Site "Chess.com"]
[Date "2024.02.27"]
[Round "10"]
[White "Kosak12"]
[Black "EvilMorty23"]
[Result "1-0"]
[WhiteElo "2809"]
[BlackElo "2592"]
[TimeControl "180+1"]
[EndTime "15:54:54 PST"]
[Termination "Kosak12 won by resignation"]

1. d4 Nf6 2. Bf4 e6 3. Nf3 d5 4.
e3 Be7 5. h3 O-O 6. c3 b6 7.
Bd3 Bb7 8. Nbd2 Ne4 9. Qc2 f5 10. g4 fxg4 11. hxg4 g5 12. Bxe4 dxe4 13. Nxe4 Rf7 14.
Nfxg5 Bxg5 15. Nxg5 Qxg5 16. Bxg5 Bxh1 17. O-O-O Bf3 18.
Rh1 Nd7 19. Bf4 Bxh1 20. g5 Bf3 21. g6 Rg7 22. gxh7+ Kh8 23. b3 Rf8 24. Bxc7 Rxh7 25. Qg6 Bh5 26. Qxe6 Rxf2 27. Be5+ Nxe5 28. Qxe5+ Kg8 29. Qg3+ Rg7 30. Qxf2 Rf7 31. Qg3+ Kh7 32. e4 Bg6 33. e5 Rf1+ 34. Kb2 a5 35. Qh3+ 1-0

[Event "Late-Titled-Tuesday-Blitz-February-27-2024"]
[Site "Chess.com"]
[Date "2024.02.27"]
[Round "10"]
[White "Msb2"]
[Black "Polish_fighter3000"]
[Result "0-1"]
[WhiteElo "3032"]
[BlackElo "3116"]
[TimeControl "180+1"]
[EndTime "15:54:55 PST"]
[Termination "Polish_fighter3000 won by checkmate"]

1. d4 d5 2. c4 dxc4 3. e4 Nf6 4. e5 Nd5 5. Bxc4 Nb6 6. Bd3 Nc6 7. Be3 Nb4 8. Be4 f5 9. a3 N4d5 10. Bxd5 Nxd5 11.
Nc3 e6 12. Nge2 c6 13. h4 Be7 14. g3 O-O 15. Nf4 Nxf4 16. Bxf4 b6 17. O-O Ba6 18. Re1 Qd7 19. Rc1 h6 20. Qa4 Bb7 21. d5 exd5 22. e6 Qe8 23. Rcd1 Kh7 24. Be5 b5 25. Qc2 a5 26. Ne2 c5 27. b4 axb4 28. axb4 d4 29.
Kh2 Qc6 30. Nf4 g5 31. hxg5 hxg5 32. Rh1 gxf4 33. Rdg1 Ra1 34. f3 Qxf3 35. gxf4 Qxh1+ 36. Rxh1 Rxh1+ 37. Kg3 Bh4# 0-1

[Event "Late-Titled-Tuesday-Blitz-February-27-2024"]
[Site "Chess.com"]
[Date "2024.02.27"]
[Round "10"]
[White "Charodej1"]
[Black "VitorBronson"]
[Result "0-1"]
[WhiteElo "2318"]
[BlackElo "2491"]
[TimeControl "180+1"]
[EndTime "15:54:55 PST"]
[Termination "VitorBronson won by resignation"]

1. e4 c5 2. Ne2 d6 3. Nbc3 Nf6 4. g3 g6 5. Bg2 Bg7 6. O-O O-O 7. d3 Nc6 8. f4 Rb8 9. h3 Nd7 10. g4 Nd4 11.
Nd5 e6 12. Ne3 f5 13. gxf5 exf5 14. c3 Nxe2+ 15. Qxe2 fxe4 16. dxe4 Nf6 17. Qc4+ Kh8 18. a4 Qe7 19. Nd5 Nxd5 20. Qxd5 Be6 21. Qd3 Rbe8 22.
Be3 d5 23. Rae1 d4 24. cxd4 cxd4 25. Bd2 Qc5 26. Rc1 Qb6 27. f5 Bg8 28. b4 Qd6 29.
Kh1 gxf5 30. exf5 Bd5 31. Rc5 Bxg2+ 32. Kxg2 b6 33. Rcc1 Qd5+ 34. Qf3 Rxf5 35. Qxd5 Rxd5 36. Rc7 Re2+ 37. Kf3 Rxd2 38. Rc8+ Bf8 39. Rxf8+ Kg7 40. Ra8 Rf5+ 41. Kg4 Rxf1 0-1

[Event "Late-Titled-Tuesday-Blitz-February-27-2024"]
[Site "Chess.com"]
[Date "2024.02.27"]
[Round "10"]
[White "TomsKantans"]
[Black "AlexeiShirov"]
[Result "1-0"]
[WhiteElo "2697"]
[BlackElo "2836"]
[TimeControl "180+1"]
[EndTime "15:54:56 PST"]
[Termination "TomsKantans won by checkmate"]

1. e4 e5 2. Nf3 Nc6 3. d4 exd4 4. Nxd4 Qf6 5. Nf3 Bb4+ 6. c3 Bc5 7. Be2 Nge7 8. O-O d6 9. Bg5 Qg6 10. Bh4 Bg4 11.
Nbd2 O-O 12. b4 f5 13. bxc5 fxe4 14. Nd4 Bxe2 15. Qxe2 Nxd4 16. cxd4 Nf5 17. Qxe4 Rae8 18. Qd5+ Kh8 19. Bg3 c6 20. Qb3 Nxd4 21. Qxb7 dxc5 22. Qxa7 Qd3 23. Nb3 Ne2+ 24. Kh1 c4 25. Rad1 Nxg3+ 26. hxg3 Qg6 27. Nd4 Re5 28. Kg1 Rh5 29. Nf3 Qh6 30.
Nh4 g5 31. Qd4+ Rf6 32. Qd8+ Rf8 33. Qd4+ Rf6 34. Rfe1 gxh4 35. Re6 Rf5 36. Qd8+ Kg7 37. Rd7+ Kg6 38. Qg8+ Kh5 39. g4# 1-0